 Dungeon Crawl Stone Soup version 0.21.1-1-g345015f (webtiles) character file.

62 Inarius the Ruffian (level 4, 0/40 HPs)
             Began as a Ghoul Monk on Feb 5, 2018.
             Slain by Grinder (4 damage)
             ... on level 3 of the Dungeon.
             The game lasted 00:03:59 (1558 turns).

Inarius the Ruffian (Ghoul Monk)                    Turns: 1558, Time: 00:04:00

Health: 0/40       AC:  3    Str: 20    XL:     4   Next: 8%
Magic:  0/3        EV:  9    Int:  5    God:
Gold:   89         SH:  7    Dex: 11    Spells: 3/3 levels left

rFire    . . .     SeeInvis .     - Unarmed
rCold    + . .     Gourm    .   j - +0 shield
rNeg     + + +     Faith    .   m - +0 leather armour (curse)
rPois    ∞         Spirit   +   (no helmet)
rElec    .         Reflect  .   (no cloak)
rCorr    .         Harm     .   (no gloves)
MR       .....                  (no boots)
Stlth    +++.......             i - amulet of guardian spirit
HPRegen  0.00/turn              c - ring of stealth
MPRegen  0.08/turn              (no ring)

@: mighty, rotting
A: rotting body, claws 1, carnivore, cold resistance 1, negative energy
resistance 3, inhibited regeneration, torment resistance, unbreathing
a: no special abilities


You were on level 3 of the Dungeon.
You were not hungry.

You visited 1 branch of the dungeon, and saw 3 of its levels.

You collected 89 gold pieces.

Inventory:

Armour
 d - a +1 ring mail
 j - a +0 shield (worn)
 m - a cursed +0 leather armour (worn)
Jewellery
 c - a ring of stealth (left claw)
 i - an amulet of guardian spirit (around neck)
Potions
 a - a potion of agility {unknown}
 e - a potion of might
 f - a potion of degeneration {unknown}
 g - a potion of heal wounds {unknown}
 k - 2 potions of ambrosia {unknown}
Comestibles
 b - 6 rations
 h - a chunk of flesh


   Skills:
 + Level 3.8 Fighting
 + Level 0.7 Armour
 + Level 3.1 Dodging
 - Level 2.1 Stealth
 + Level 4.3 Unarmed Combat


You had 3 spell levels left.
You didn't know any spells.

Dungeon Overview and Level Annotations

Branches:
Dungeon (3/15)

Altars:
Ru
Sif Muna

Annotations:
D:3 Grinder


Innate Abilities, Weirdness & Mutations

Your body is rotting away.
You thrive on raw meat.
You are immune to poison.
You have sharp fingernails.
You are carnivorous and can eat meat at any time.
Your flesh is cold resistant. (rC+)
You are immune to negative energy. (rN+++)
You do not regenerate when monsters are visible.
You are immune to unholy pain and torment.
You can survive without breathing.


Message History

Grinder hits you.
Your shield prevents you from hitting Grinder.
Grinder is heavily wounded.
Grinder gestures at you.
You suddenly lose the ability to move!
Grinder gestures at you.
You shrug off the repeated paralysis!
Grinder gestures at you. You resist with significant effort.
Grinder barely misses you. Grinder hits you but does no damage.
Grinder hits you!
* * * LOW HITPOINT WARNING * * *
Grinder hits you. x2
* * * LOW HITPOINT WARNING * * *
You can move again.
You closely miss Grinder.
Grinder is heavily wounded.
Grinder hits you.
You die...

#.####.####.#
#.# #.# #.#
#.# ..# #.#
.## #.# #.
####.# ..
..#.# #.#5#
####.#@#
#...)..#
#.##$### ##


You could see Grinder.

Vanquished Creatures
  An adder (D:2)
  2 oozes (D:3)
  A leopard gecko (D:2)
  An orc (D:3)
  3 ball pythons
  5 bats (D:1)
  2 giant cockroaches
  4 goblins
  2 hobgoblins (D:2)
  6 jackals (D:1)
  6 kobolds
  A frilled lizard (D:1)
  5 rats
39 creatures vanquished.

Notes
Turn   | Place    | Note
-------+----------+-------------------------------------------
     0 | D:1      | Inarius the Ghoul Monk began the quest for the Orb.
     0 | D:1      | Reached XP level 1. HP: 19/19 MP: 0/0
   148 | D:1      | Reached XP level 2. HP: 26/26 MP: 1/1
   805 | D:2      | Reached XP level 3. HP: 33/33 MP: 2/2
   908 | D:2      | Found a sacrificial altar of Ru.
   968 | D:2      | Reached skill level 4 in Unarmed Combat
  1385 | D:3      | Found a deep blue altar of Sif Muna.
  1512 | D:3      | Reached XP level 4. HP: 33/40 MP: 1/3
  1526 | D:3      | Noticed Grinder
  1539 | D:3      | Paralysed by Grinder for 6 turns
  1550 | D:3      | Paralysed by Grinder for 7 turns
  1558 | D:3      | Slain by Grinder

Skill      XL: |  1  2  3 |
---------------+----------+-----
Dodging        | 3 |  3.1
Unarmed Combat | 4 |  4.3
Fighting       | |  3.8
Armour         | |  0.7
Stealth        | |  2.1

Action                   |  1- 3 |  4- 6 || total
-------------------------+-------+-------++-------
Melee: Unarmed           |   110 |     6 ||   116
       Punch             |     1 |       ||     1
  Use: Scroll            |     3 |       ||     3
       Potion            |       |     1 ||     1
 Stab: Sleeping          |     5 |     1 ||     6
  Eat: Chunk             |     9 |     1 ||    10
Armor: Robe              |     4 |       ||     4
       Ring mail         |    20 |       ||    20
       Leather armour    |     2 |     1 ||     3
Dodge: Dodged            |    55 |     1 ||    56
Block: Shield            |     9 |     1 ||    10
